 Dungeon Crawl Stone Soup version 0.31-a0-851-g7ff8af7976 (webtiles) character file.

Game seed: 16242288171684521786

229 MachoJfn the Chiller (level 5, 0/34 (36) HPs)
             Began as a Demonspawn Ice Elementalist on Oct 6, 2023.
             Was a Follower of Fedhas.
             Slain by an adder (2 damage)
             ... on level 6 of the Dungeon on Oct 7, 2023.
             The game lasted 00:10:08 (1975 turns).

MachoJfn the Chiller (Demonspawn Ice Elementalist)  Turns: 1975, Time: 00:10:09

HP:   0/34 (36)     AC:  2    Str: 10    XL:     5   Next: 71%
MP:   0/11          EV: 12    Int: 19    God:    Fedhas [*.....]
Gold: 87            SH:  0    Dex: 13    Spells: 8/12 levels left

rFire   + + .        q - +5 dagger "Joarch" {heavy, rF++ Str+2}
rCold   + . .        (no shield)
rNeg    . . .        a - +0 robe
rPois   .            (helmet restricted)
rElec   .            (no cloak)
rCorr   .            (no gloves)
SInv    .            (no boots)
Will    .....        r - amulet of guardian spirit
Stlth   ++           h - ring of protection from cold
HPRegen 0.25/turn    p - ring of flight
MPRegen 0.12/turn

%: guardian spirit
@: flying, drained
A: horns 1, powered by pain 2
a: Renounce Religion


You were on level 6 of the Dungeon.
You worshipped Fedhas.
Fedhas was aware of your devotion.
You visited 1 branch of the dungeon, and saw 4 of its levels.

You collected 87 gold pieces.

Inventory:

Hand Weapons
 c - a +1 lajatang
 q - the +5 dagger "Joarch" (weapon) {heavy, rF++ Str+2}
   (You found it on level 2 of the Dungeon)

   Str+2:     It affects your strength (+2).
   rF++:      It greatly protects you from fire.
Missiles
 d - 27 stones
 i - 7 poisoned darts
 o - 5 boomerangs
Armour
 a - a +0 robe (worn)
 e - an orb of mayhem
Jewellery
 h - a ring of protection from cold (left hand)
 p - a ring of flight (right hand)
 r - an amulet of guardian spirit (around neck)
Wands
 f - a wand of polymorph (10)
 l - a wand of flame (5)
Scrolls
 g - a scroll of noise {unknown}
Potions
 b - a potion of magic
 k - 3 potions of enlightenment


   Skills:
 + Level 0.6 Fighting
 + Level 1.5 Staves
 + Level 2.0 Dodging
 + Level 2.0 Stealth
 + Level 4.0 Spellcasting
 + Level 4.7 Ice Magic


You had 8 spell levels left.
You knew the following spells:

 Your Spells              Type           Power      Damage    Failure   Level
a - Freeze                Ice            84%        1d9       1%          1
b - Frozen Ramparts       Ice            42%        1d7       6%          3

Your spell library contained the following spells:

 Spells                   Type           Power      Damage    Failure   Level
 Ozocubu's Armour         Ice            21%        N/A       6%          3
 Summon Ice Beast         Ice/Summ       12%        N/A       45%         4
 Ozocubu's Refrigeration  Ice            10%        4d9       100%        7


Dungeon Overview and Level Annotations

Branches:
Dungeon (3/15)

Altars:
Fedhas

Annotations:
D:6 Jeremiah


Innate Abilities, Weirdness & Mutations

You have a pair of small horns on your head.
You sometimes gain power by taking damage.


Message History

The butterfly disappears in a burst of colours!
The adder bites you. The adder closely misses you.
You puncture the butterfly!
You kill the butterfly!
The butterfly disappears in a burst of colours! x2
The adder completely misses you. The adder bites you.
You are poisoned.
The adder poisons you!
You barely miss the butterfly.
You feel sick. The adder closely misses you. The adder misses you.
You miss the butterfly. Your headbutt misses the butterfly.
You feel sick.
The butterfly disappears in a burst of colours!
The adder misses you. The adder bites you.
You miss the butterfly. You headbutt the butterfly.
You kill the butterfly!
The butterfly disappears in a burst of colours!
You feel sick.
You are no longer poisoned.
The butterfly disappears in a burst of colours! x2
The adder closely misses you. x2
The butterfly disappears in a burst of colours!
Jeremiah hits you from afar with a +3 trident of draining.
You feel drained.
* * * LOW HITPOINT WARNING * * *
The adder barely misses you.
Casting: Freeze (safe; 1% risk of failure)
Confirm with . or Enter, or press ? or * to list all spells.
Aiming: Freeze (safe; 1% risk of failure)
Press: ? - help, Shift-Dir - straight line, f - adder
Aim: an adder (almost dead)
You freeze the adder.
The adder is almost dead.
The adder seems to slow down.
Jeremiah hits you from afar with a +3 trident of draining!
* * * LOW HITPOINT WARNING * * *
You feel drained.
* * * LOW HITPOINT WARNING * * *
The adder bites you.
You die...
Fedhas appreciates your contribution to the ecosystem.

.... ##... ....
#..# #####.b.
#.. ...# #
#b####.####.#..#
#.bb##bS........
#.#bFb@.......##
#.bb#######.#.#
#..## # #..#
#..# ≈## #F.#
#≈..# #..###...#
#........#
#.####F###


You could see Jeremiah and an adder (slow).

Vanquished Creatures
  Sigmund (D:2)
  Terence (D:2)
  2 dart slugs (D:1)
  2 bats
  4 endoplasms
  A giant cockroach (D:2)
  3 goblins (D:1)
  3 hobgoblins
  2 kobolds (D:2)
  A quokka (D:1)
  2 ball pythons
  3 frilled lizards
  A rat (D:1)
26 creatures vanquished.

Notes
Turn   | Place    | Note
-------+----------+-------------------------------------------
     0 | D:1      | MachoJfn the Demonspawn Ice Elementalist began the quest
                  | for the Orb.
     0 | D:1      | Reached XP level 1. HP: 13/13 MP: 3/3
   229 | D:1      | Gained mutation: You sometimes gain a little power by
                  | taking damage. [demonic ancestry]
   229 | D:1      | Reached XP level 2. HP: 19/19 MP: 1/5
  1096 | D:2      | Noticed Terence
  1111 | D:2      | Killed Terence
  1112 | D:2      | Reached XP level 3. HP: 8/24 MP: 7/7
  1183 | D:2      | Learned a level 3 spell: Frozen Ramparts
  1270 | D:2      | Found a faded altar of an unknown god.
  1270 | D:2      | Noticed Sigmund
  1271 | D:2      | Noticed a shining eye
  1273 | D:2      | Noticed an eye of devastation
  1273 | D:2      | Noticed a golden eye
  1273 | D:2      | Noticed a great orb of eyes
  1282 | D:2      | Killed Sigmund
  1283 | D:2      | Reached skill level 1 in Staves
  1283 | D:2      | Gained mutation: You have a pair of small horns on your
                  | head. [demonic ancestry]
  1283 | D:2      | Reached XP level 4. HP: 11/31 MP: 2/9
  1283 | D:2      | Gained mutation: You sometimes gain power by taking damage.
                  | [demonic ancestry]
  1283 | D:2      | Reached XP level 5. HP: 13/36 MP: 2/10
  1353 | D:2      | Prayed at the altar of an unknown god.
  1353 | D:2      | Became a worshipper of Fedhas Madash
  1353 | D:2      | Reached * piety under Fedhas
  1635 | D:2      | Identified the +5 dagger "Joarch" {heavy, rF++ Str+2}
  1940 | D:3      | You are sucked into a shaft and drop 3 floors!
  1948 | D:6      | Noticed Jeremiah
  1975 | D:6      | Slain by an adder

Illustrated notes

Levels and vault maps discovered:
D:1:      erik_arrival_triangle_large, layout_loops_corners
D:2:      layout_rooms, hellmonk_ecumenical_altar_watching_god,
          serial_bayou_lagoon_a, feat_on_display, uniq_sigmund, uniq_terence
D:3:      layout_basic, nicolae_overflow_crystal_walls
D:6:      layout_loops_ring, zin_scriptorium, dancing_weapons_uskayaw,
          chequers_serial_rivers_small_b, uniq_jeremiah

Skill      XL: |  1  2  3  4  5 |
---------------+----------------+-----
Ice Magic      | 4 |  4.7
Staves         | 1 |  1.5
Dodging        | 2 |  2.0
Stealth        | 2 |  2.0
Spellcasting   | 3 4 |  4.0
Fighting       | |  0.6

Action                     |  1- 3 |  4- 6 || total
---------------------------+-------+-------++-------
  Melee: Lajatang          |    20 |       ||    20
         Unarmed           |     1 |       ||     1
         Dagger            |       |    14 ||    14
         Headbutt          |       |     5 ||     5
  Throw: Stone             |     1 |       ||     1
   Cast: Freeze            |    24 |     7 ||    31
         Frozen Ramparts   |     2 |     2 ||     4
    Use: Scroll            |     1 |     5 ||     6
         Potion            |     1 |     1 ||     2
   Stab: Sleeping          |       |     1 ||     1
 Armour: Robe              |    18 |    18 ||    36
  Dodge: Dodged            |    20 |    25 ||    45

Table legend: (Time is in decaauts)
 A = Elapsed time spent in this place.
 B = Non-inter-level travel time spent in this place.
 C = Inter-level travel time spent in this place.
 D = Time resting spent in this place.
 E = Time spent auto-exploring this place.
 F = Levels seen in this place.
 G = Mean time per level.
                   A        B        C        D        E       F      G
               +--------+--------+--------+--------+--------+-----+--------+
         Total |   1989 |   1841 |    148 |    147 |   1374 |   4 |  497.2 |
       Dungeon |   1989 |   1841 |    148 |    147 |   1374 |   4 |  497.2 |
               +--------+--------+--------+--------+--------+-----+--------+

Top non-repeatable levels by time:
     D:1: 1078 daAuts
     D:2: 729 daAuts
     D:3: 142 daAuts
     D:6: 40 daAuts
